TOP OF THE 1ST |
Lancaster Farmers batting - Pitching for Marquette Miners : RHP Uriel Baughman
|
Pitching: RHP Uriel Baughman
|
|
Batting: RHB Ricardo Pacheco
|
0-0: Fly out, F6 (Popup, 6)
|
Batting: RHB Domenic Gallard
|
0-0: Foul Ball, location: 2F 0-1: Called Strike 0-2: SINGLE (Line Drive, 9S)
|
Batting: RHB Eric Howard
|
0-0: Called Strike 0-1: Ball 1-1: Foul Ball, location: 2F 1-2: Foul Ball, location: 2F 1-2: SINGLE (Line Drive, 89S) Domenic Gallard to second Runner from 2nd tries for 3rd, SAFE, throw made to third
|
Batting: LHB Rob Wilson
|
0-0: Ball 1-0: Ball 2-0: Ball 3-0: Called Strike 3-1: Base on Balls Eric Howard to second
|
Batting: RHB Rodrigo Velasco
|
0-0: Ball 1-0: Foul Ball, location: 2F 1-1: Ground out 5-3 (Groundball, 5S) Domenic Gallard scores Eric Howard to third Rob Wilson to second
|
Batting: LHB Ramón Gómez
|
0-0: Called Strike 0-1: Ball 1-1: Foul Ball, location: 2F 1-2: Fly out, F6 (Popup, 6)
|
Top of the 1st over - 1 run(s), 2 hit(s), 0 error(s), 2 left on base; Lancaster 1 - Marquette 0 |
BOTTOM OF THE 1ST |
Marquette Miners batting - Pitching for Lancaster Farmers : RHP Steve Brown
|
Pitching: RHP Steve Brown
|
|
Batting: SHB Dylan Carson
|
0-0: Ball 1-0: Ball 2-0: Ball 3-0: Base on Balls
|
Batting: RHB Félix De La Hoya
|
0-0: Ball 1-0: SINGLE (Line Drive, 5) Dylan Carson to second
|
Batting: RHB Ed Adams
|
0-0: Ball 1-0: Fly out, F9 (Flyball, 9M)
|
Batting: RHB Pedro Pérez
|
0-0: Grounds into double play, 5-4-3 (Groundball, 56)
|
Bottom of the 1st over - 0 run(s), 1 hit(s), 0 error(s), 1 left on base; Lancaster 1 - Marquette 0 |
TOP OF THE 2ND |
Lancaster Farmers batting - Pitching for Marquette Miners : RHP Uriel Baughman
|
Batting: RHB Barkley B. Cooltimes
|
0-0: Called Strike 0-1: SINGLE (Flyball, 7LS)
|
Batting: RHB António Jiménez
|
0-0: Ball Wild Pitch! Barkley B. Cooltimes to second 1-0: Fly out, F5 (Popup, 56)
|
Batting: LHB Brad Tillman
|
0-0: Ball 1-0: Ground out 1-3 (Groundball, 13S) Barkley B. Cooltimes to third
|
Batting: RHB Ricardo Pacheco
|
0-0: Ball 1-0: Ball 2-0: Called Strike 2-1: TRIPLE (Groundball, 3L) Barkley B. Cooltimes scores
|
Batting: RHB Domenic Gallard
|
0-0: Ball 1-0: Foul Ball, location: 2F 1-1: Ball 2-1: Foul Ball, location: 2F 2-2: Ball 3-2: Base on Balls
|
Batting: RHB Eric Howard
|
0-0: Called Strike Domenic Gallard steals 2nd base 0-1: Ball 1-1: Called Strike 1-2: SINGLE (Groundball, 56D) Ricardo Pacheco scores Domenic Gallard to third Runner from 3rd tries for Home, SAFE, no throw or cutoff
|
Batting: LHB Rob Wilson
|
0-0: Ball 1-0: Ball 2-0: Ball 3-0: Called Strike 3-1: Base on Balls Eric Howard to second
|
Batting: RHB Rodrigo Velasco
|
0-0: Foul Ball, location: 2F 0-1: Ball 1-1: Called Strike 1-2: Ball 2-2: Strikes out looking
|
Top of the 2nd over - 3 run(s), 3 hit(s), 0 error(s), 2 left on base; Lancaster 4 - Marquette 0 |
BOTTOM OF THE 2ND |
Marquette Miners batting - Pitching for Lancaster Farmers : RHP Steve Brown
|
Batting: RHB Preston Hernández
|
0-0: Foul Ball, location: 2F 0-1: Ball 1-1: Ball 2-1: Foul Ball, location: 2F 2-2: Foul Ball, location: 2F 2-2: Foul Ball, location: 2F 2-2: Foul Ball, location: 2F 2-2: Ball 3-2: Fly out, F8 (Flyball, 8RM)
|
Batting: LHB Ramón Hernández
|
0-0: Ball 1-0: Ball 2-0: Fly out, F8 (Flyball, 8LM)
|
Batting: RHB Ken Little
|
0-0: Ball 1-0: Swinging Strike 1-1: Swinging Strike 1-2: Ball 2-2: Strikes out swinging
|
Bottom of the 2nd over - 0 run(s), 0 hit(s), 0 error(s), 0 left on base; Lancaster 4 - Marquette 0 |
TOP OF THE 3RD |
Lancaster Farmers batting - Pitching for Marquette Miners : RHP Uriel Baughman
|
Batting: LHB Ramón Gómez
|
0-0: Fly out, F7 (Flyball, 7M)
|
Batting: RHB Barkley B. Cooltimes
|
0-0: Ball 1-0: Called Strike 1-1: Fly out, F7 (Line Drive, 78D)
|
Batting: RHB António Jiménez
|
0-0: Ball 1-0: Ball 2-0: Ball 3-0: Called Strike 3-1: Reached on error, E5 (Groundball, 5L)
|
Batting: LHB Brad Tillman
|
0-0: Called Strike 0-1: Foul Ball, location: 2F 0-2: Ball 1-2: SINGLE (Groundball, 34D) António Jiménez to third Runner from 3rd tries for Home, SAFE, no throw or cutoff
|
Batting: RHB Ricardo Pacheco
|
0-0: Ball 1-0: Ball 2-0: Foul Ball, location: 2F 2-1: Fly out, F9 (Flyball, 9M)
|
Top of the 3rd over - 1 run(s), 1 hit(s), 1 error(s), 1 left on base; Lancaster 5 - Marquette 0 |
BOTTOM OF THE 3RD |
Marquette Miners batting - Pitching for Lancaster Farmers : RHP Steve Brown
|
Batting: RHB Isaac Downey
|
0-0: Ball 1-0: Ground out 5-3 (Groundball, 5)
|
Batting: LHB Jim Unknown
|
0-0: Ball 1-0: Ground out 6-3 (Groundball, 6)
|
Batting: SHB Dylan Carson
|
0-0: Ball 1-0: Ball 2-0: Called Strike 2-1: Ball 3-1: Base on Balls
|
Batting: RHB Félix De La Hoya
|
0-0: Ball 1-0: Ball 2-0: Called Strike 2-1: Foul Ball, location: 2F 2-2: SINGLE (Line Drive, 6M) Dylan Carson to second Dylan Carson to third
|
Batting: RHB Ed Adams
|
0-0: Ball 1-0: Swinging Strike 1-1: Called Strike 1-2: Reached on error, E6 (Groundball, 6) Dylan Carson scores Félix De La Hoya to second
|
Batting: RHB Pedro Pérez
|
0-0: Ball 1-0: SINGLE (Groundball, 56) Félix De La Hoya to third Ed Adams to second Runner from 3rd tries for Home, SAFE, no throw or cutoff
|
Batting: RHB Preston Hernández
|
0-0: Ball 1-0: Ball 2-0: Called Strike 2-1: Fielders Choice at 2nd, 6-4 (Groundball, 6)
|
Bottom of the 3rd over - 2 run(s), 2 hit(s), 1 error(s), 1 left on base; Lancaster 5 - Marquette 2 |
TOP OF THE 4TH |
Lancaster Farmers batting - Pitching for Marquette Miners : RHP Uriel Baughman
|
Batting: RHB Domenic Gallard
|
0-0: Foul Ball, location: 2F 0-1: Ball 1-1: Ball 2-1: Foul Ball, location: 2F 2-2: Ball 3-2: Foul Ball, location: 2F 3-2: Base on Balls
|
Batting: RHB Eric Howard
|
0-0: Ball 1-0: DOUBLE (Line Drive, 5D) Domenic Gallard to third
|
Batting: LHB Rob Wilson
|
0-0: Ball 1-0: SINGLE (Flyball, 8RS) Domenic Gallard scores Eric Howard to third
|
Pitching: RHP Thomas Berry
|
|
Batting: RHB Rodrigo Velasco
|
0-0: Called Strike 0-1: Ball 1-1: Swinging Strike 1-2: Ball 2-2: Ball 3-2: Foul Ball, location: 2F 3-2: Base on Balls Rob Wilson to second
|
Batting: LHB Ramón Gómez
|
0-0: Called Strike 0-1: Ball 1-1: Foul Ball, location: 2F 1-2: Ball 2-2: Fielders Choice at 2nd, 4-6 (Groundball, 34) Eric Howard scores Rob Wilson to third
|
Batting: RHB Barkley B. Cooltimes
|
0-0: Ball 1-0: Called Strike 1-1: Fielders Choice at 2nd, 6-4 (Groundball, 6) Rob Wilson scores
|
Batting: RHB António Jiménez
|
0-0: Ball 1-0: Ball 2-0: Ball 3-0: Called Strike 3-1: Foul Ball, location: 2F 3-2: Base on Balls Barkley B. Cooltimes to second
|
Batting: LHB Brad Tillman
|
0-0: Called Strike 0-1: Ball 1-1: Ball 2-1: DOUBLE (Line Drive, 78M) Barkley B. Cooltimes scores António Jiménez to third Runner from 3rd tries for Home, SAFE, no throw or cutoff
|
Batting: RHB Ricardo Pacheco
|
0-0: Called Strike 0-1: SINGLE (Groundball, 6M) Brad Tillman to third Runner from 3rd tries for Home, SAFE, no throw or cutoff
|
Batting: RHB Domenic Gallard
|
0-0: Ball Ricardo Pacheco steals 2nd base 1-0: SINGLE (Line Drive, 7LS) Ricardo Pacheco to third
|
Batting: RHB Eric Howard
|
0-0: Foul Ball, location: 2F 0-1: Ball Wild Pitch! Ricardo Pacheco scores Domenic Gallard to second 1-1: Ball 2-1: Called Strike 2-2: Fly out, F5 (Line Drive, 5)
|
Top of the 4th over - 7 run(s), 5 hit(s), 0 error(s), 1 left on base; Lancaster 12 - Marquette 2 |
BOTTOM OF THE 4TH |
Marquette Miners batting - Pitching for Lancaster Farmers : RHP Steve Brown
|
Batting: LHB Ramón Hernández
|
0-0: Foul Ball, location: 2F 0-1: Called Strike 0-2: Ball 1-2: Foul Ball, location: 2F 1-2: Strikes out swinging
|
Batting: RHB Ken Little
|
0-0: Foul Ball, location: 2F 0-1: Called Strike 0-2: Ball 1-2: Ball 2-2: Ball 3-2: Ground out 5-3 (Groundball, 56S)
|
Batting: RHB Isaac Downey
|
0-0: Ball 1-0: Called Strike 1-1: Foul Ball, location: 2F 1-2: Ball 2-2: Ground out 6-3 (Groundball, 6)
|
Bottom of the 4th over - 0 run(s), 0 hit(s), 0 error(s), 0 left on base; Lancaster 12 - Marquette 2 |
TOP OF THE 5TH |
Lancaster Farmers batting - Pitching for Marquette Miners : RHP Thomas Berry
|
Pitching: RHP Miguel Álvarez
|
|
Batting: LHB Rob Wilson
|
0-0: Called Strike 0-1: Called Strike 0-2: Ball 1-2: SOLO HOME RUN (Flyball, 89XD), Distance : 449 ft
|
Batting: RHB Rodrigo Velasco
|
0-0: Ball 1-0: Ball 2-0: Fly out, F8 (Flyball, 8LM)
|
Batting: LHB Ramón Gómez
|
0-0: Ball 1-0: Called Strike 1-1: Called Strike 1-2: Ball 2-2: Foul Ball, location: 2F 2-2: DOUBLE (Line Drive, 89M)
|
Batting: RHB Barkley B. Cooltimes
|
0-0: Ball 1-0: DOUBLE (Flyball, 89XD) Ramón Gómez scores
|
Batting: RHB António Jiménez
|
0-0: Called Strike 0-1: Ground out 1-3 (Groundball, 13S) Barkley B. Cooltimes to third
|
Batting: LHB Brad Tillman
|
0-0: Fly out, F8 (Flyball, 8RD)
|
Top of the 5th over - 2 run(s), 3 hit(s), 0 error(s), 1 left on base; Lancaster 14 - Marquette 2 |
BOTTOM OF THE 5TH |
Marquette Miners batting - Pitching for Lancaster Farmers : RHP Steve Brown
|
Batting: LHB Jim Unknown
|
0-0: Foul Ball, location: 2F 0-1: Swinging Strike 0-2: Foul Ball, location: 2F 0-2: SINGLE (Groundball, 23) (infield hit)
|
Batting: SHB Dylan Carson
|
0-0: Swinging Strike 0-1: Called Strike 0-2: Foul Ball, location: 2F 0-2: Ball 1-2: Fielders Choice at 2nd, 3-6 (Groundball, 3)
|
Batting: RHB Félix De La Hoya
|
0-0: Ball 1-0: Swinging Strike 1-1: Ball 2-1: Called Strike 2-2: Foul Ball, location: 2F 2-2: Ball 3-2: Base on Balls Dylan Carson to second
|
Batting: RHB Ed Adams
|
0-0: Fielders Choice at 2nd, 1-6 (Groundball, 13S) Dylan Carson to third
|
Batting: RHB Pedro Pérez
|
0-0: Ball 1-0: Ball 2-0: SINGLE (Groundball, 6) (infield hit) Dylan Carson scores Ed Adams to second
|
Batting: RHB Preston Hernández
|
0-0: Called Strike 0-1: Ball 1-1: Ball 2-1: Ball 3-1: Fly out, F2 (Popup, 2RF)
|
Bottom of the 5th over - 1 run(s), 2 hit(s), 0 error(s), 2 left on base; Lancaster 14 - Marquette 3 |
TOP OF THE 6TH |
Lancaster Farmers batting - Pitching for Marquette Miners : RHP Miguel Álvarez
|
Batting: RHB Ricardo Pacheco
|
0-0: Called Strike 0-1: Swinging Strike 0-2: Fly out, F8 (Flyball, 8RS)
|
Batting: RHB Domenic Gallard
|
0-0: Called Strike 0-1: Swinging Strike 0-2: Ball 1-2: Strikes out looking
|
Batting: RHB Eric Howard
|
0-0: Swinging Strike 0-1: Foul Ball, location: 2F 0-2: Foul Ball, location: 2F 0-2: Strikes out swinging
|
Top of the 6th over - 0 run(s), 0 hit(s), 0 error(s), 0 left on base; Lancaster 14 - Marquette 3 |
BOTTOM OF THE 6TH |
Marquette Miners batting - Pitching for Lancaster Farmers : RHP Steve Brown
|
Batting: LHB Ramón Hernández
|
0-0: Called Strike 0-1: Ball 1-1: Ball 2-1: Ball 3-1: Called Strike 3-2: Foul Ball, location: 2F 3-2: Foul Ball, location: 2F 3-2: Ground out U3 (Groundball, 3)
|
Batting: RHB Ken Little
|
0-0: Foul Ball, location: 2F 0-1: Ball 1-1: Ground out 6-3 (Groundball, 6M)
|
Batting: RHB Isaac Downey
|
0-0: Ball 1-0: Ball 2-0: Ball 3-0: Base on Balls
|
Pitching: LHP Will Clark
|
|
Batting: LHB Jim Unknown
|
0-0: Ball 1-0: Called Strike 1-1: Swinging Strike 1-2: Strikes out looking
|
Bottom of the 6th over - 0 run(s), 0 hit(s), 0 error(s), 1 left on base; Lancaster 14 - Marquette 3 |
TOP OF THE 7TH |
Lancaster Farmers batting - Pitching for Marquette Miners : RHP Miguel Álvarez
|
Batting: LHB Rob Wilson
|
0-0: Called Strike 0-1: Ball 1-1: Called Strike 1-2: SINGLE (Groundball, 34)
|
Batting: RHB Rodrigo Velasco
|
0-0: Ball 1-0: Grounds into double play, 6-4-3 (Groundball, 6)
|
Batting: LHB Ramón Gómez
|
0-0: Ground out U3 (Groundball, 3)
|
Top of the 7th over - 0 run(s), 1 hit(s), 0 error(s), 0 left on base; Lancaster 14 - Marquette 3 |
BOTTOM OF THE 7TH |
Marquette Miners batting - Pitching for Lancaster Farmers : LHP Will Clark
|
Batting: SHB Dylan Carson
|
0-0: Ball 1-0: Ball 2-0: Swinging Strike 2-1: Called Strike 2-2: Foul Ball, location: 2F 2-2: Strikes out swinging
|
Batting: RHB Félix De La Hoya
|
0-0: Ball 1-0: Fly out, F9 (Flyball, 89M)
|
Batting: RHB Ed Adams
|
0-0: Ball 1-0: Called Strike 1-1: Called Strike 1-2: Strikes out swinging
|
Bottom of the 7th over - 0 run(s), 0 hit(s), 0 error(s), 0 left on base; Lancaster 14 - Marquette 3 |
TOP OF THE 8TH |
Lancaster Farmers batting - Pitching for Marquette Miners : RHP Miguel Álvarez
|
Batting: RHB Barkley B. Cooltimes
|
0-0: Called Strike 0-1: Ball 1-1: Foul Ball, location: 2F 1-2: DOUBLE (Line Drive, 3L)
|
Pitching: LHP Gerardo Carlos
|
|
Pinch Hitting: RHB Henry Womack
|
0-0: Called Strike 0-1: Ground out 6-3 (Groundball, 6)
|
Batting: LHB Brad Tillman
|
0-0: Ball 1-0: Swinging Strike 1-1: Ground out 4-3 (Groundball, 4) Barkley B. Cooltimes to third
|
Batting: RHB Ricardo Pacheco
|
0-0: Ball 1-0: Ball 2-0: Called Strike 2-1: Called Strike 2-2: SINGLE (Groundball, 4MD) Barkley B. Cooltimes scores
|
Batting: RHB Domenic Gallard
|
0-0: Called Strike 0-1: Ball 1-1: Called Strike Ricardo Pacheco steals 2nd base 1-2: Ball 2-2: 2-RUN HOME RUN (Flyball, 78XD), Distance : 454 ft
|
Pinch Hitting: RHB Carl Bryant
|
0-0: Swinging Strike 0-1: Fly out, F8 (Flyball, 8RM)
|
Top of the 8th over - 3 run(s), 3 hit(s), 0 error(s), 0 left on base; Lancaster 17 - Marquette 3 |
BOTTOM OF THE 8TH |
Marquette Miners batting - Pitching for Lancaster Farmers : RHP Rubén Madrid
|
Pitching: RHP Rubén Madrid
|
|
Now at 3B: Henry Womack
|
|
Now in CF: Carl Bryant
|
|
Batting: RHB Pedro Pérez
|
0-0: Ball 1-0: Ball 2-0: Ball 3-0: Base on Balls
|
Pinch Hitting: LHB Jim Unknown
|
0-0: Ball 1-0: Called Strike 1-1: Ball 2-1: Foul Ball, location: 2F 2-2: Foul Ball, location: 2F 2-2: Fielders Choice at 2nd, 3-6 (Groundball, 3)
|
Batting: LHB Ramón Hernández
|
0-0: Foul Ball, location: 2F 0-1: Foul Ball, location: 2F 0-2: Strikes out looking
|
Batting: RHB Ken Little
|
0-0: Ball 1-0: Ball 2-0: Ball 3-0: Called Strike 3-1: Base on Balls Jim Unknown to second
|
Batting: RHB Isaac Downey
|
0-0: Called Strike 0-1: Swinging Strike 0-2: Strikes out swinging
|
Bottom of the 8th over - 0 run(s), 0 hit(s), 0 error(s), 2 left on base; Lancaster 17 - Marquette 3 |
TOP OF THE 9TH |
Lancaster Farmers batting - Pitching for Marquette Miners : LHP Gerardo Carlos
|
Now at 1B: Jim Unknown
|
|
Batting: LHB Rob Wilson
|
0-0: Foul Ball, location: 2F 0-1: Foul Ball, location: 2F 0-2: Strikes out looking
|
Batting: RHB Rodrigo Velasco
|
0-0: Called Strike 0-1: Ball 1-1: Swinging Strike 1-2: Foul Ball, location: 2F 1-2: Strikes out swinging
|
Batting: LHB Ramón Gómez
|
0-0: Ball 1-0: Called Strike 1-1: Ball 2-1: Called Strike 2-2: Ball 3-2: Fly out, F6 (Line Drive, 6M)
|
Top of the 9th over - 0 run(s), 0 hit(s), 0 error(s), 0 left on base; Lancaster 17 - Marquette 3 |
BOTTOM OF THE 9TH |
Marquette Miners batting - Pitching for Lancaster Farmers : RHP Rubén Madrid
|
Batting: LHB Jim Unknown
|
0-0: Ball 1-0: Called Strike 1-1: Swinging Strike 1-2: Strikes out looking
|
Batting: SHB Dylan Carson
|
0-0: Ball 1-0: Ground out U3 (Groundball, 3L)
|
Batting: RHB Félix De La Hoya
|
0-0: Ball 1-0: Ball 2-0: Ground out 5-3 (Groundball, 56)
|
Bottom of the 9th over - 0 run(s), 0 hit(s), 0 error(s), 0 left on base; Lancaster 17 - Marquette 3 |
|